 Dungeon Crawl Stone Soup version 0.32-a0-422-g28b100f618 (webtiles) character file.

Game seed: 8072243513959805910

158 Bobbunny the Shooter (level 5, 0/41 HPs)
             Began as a Coglin Hexslinger on Feb 22, 2024.
             Slain by a gnoll
             ... wielding a +0 spear
              (5 damage)
             ... on level 6 of the Dungeon.
             The game lasted 00:02:39 (1696 turns).

Bobbunny the Shooter (Coglin Hexslinger)            Turns: 1696, Time: 00:02:39

Health: 0/41       AC:  3    Str: 15    XL:     5   Next: 40%
Magic:  6/6        EV: 12    Int: 12    God:
Gold:   84         SH:  0    Dex: 18    Spells: 6/6 levels left

rFire   . . .        a - +1 sling {Choonhe}
rCold   . . .        j - +0 sling {Hayata}
rNeg    . . .        c - +1 robe
rPois   .            (no helmet)
rElec   .            (no cloak)
rCorr   .            (no gloves)
SInv    .            (no boots)
Will    .....        (no amulet)
Stlth   ++           n - +6 ring of strength
HPRegen 0.26/turn    (no ring)
MPRegen 0.10/turn

%: no passive effects
@: attractive
A: off-hand wielding, slow wielding, warmup strikes, legs shutdown
a: no special abilities


You were on level 6 of the Dungeon.
You visited 1 branch of the dungeon, and saw 4 of its levels.

You collected 84 gold pieces.

Inventory:

Hand Weapons
 a - a +1 sling (weapon) {Choonhe}
 j - a +0 sling (offhand) {Hayata}
Missiles
 d - 6 curare-tipped darts
 f - 5 poisoned darts
Armour
 c - a +1 robe (worn)
Jewellery
 k - a ring of ice
 n - a +6 ring of strength (left grasper)
 q - a ring of magical power
Scrolls
 g - a scroll of revelation
 p - a scroll of amnesia


   Skills:
 + Level 3.5 Fighting
 + Level 3.7 Ranged Weapons
 - Level 1.7 Dodging
 - Level 1.0 Spellcasting
 - Level 2.6 Hexes
 - Level 0.8 Fire Magic


You had 6 spell levels left.
You didn't know any spells.
Your spell library contained the following spells:

 Spells                   Type           Power      Damage    Failure   Level
 Jinxbite                 Hex            14%        N/A       16%         2
 Sigil of Binding         Hex            7%         N/A       30%         3
 Inner Flame              Hex/Fire       4%         N/A       41%         3
 Cause Fear               Hex            3%         N/A       69%         4
 Dimensional Bullseye     Hex/Tloc       1%         N/A       86%         4


Dungeon Overview and Level Annotations

Branches:
Dungeon (3/15)

Altars:
Zin

Shops:
D:1 [


Innate Abilities, Weirdness & Mutations

You can wield a second weapon in your off-hand.
It takes a long time for you to wield or remove held weapons.
Your first few attacks do less damage.
Attacking and casting redirects power from your legs.


Message History

Aim: a hound (poison gas, moderately wounded, poisoned, 51% to hit)
You shoot a sling bullet.
The sling bullet barely misses the hound.
You shoot a sling bullet.
The sling bullet completely misses the hound.
The hound is engulfed in poison gas.
The hound looks even sicker.
The hound is engulfed in poison gas.
The hound looks even sicker.
Unknown command.
You shoot a sling bullet. The sling bullet hits the hound.
The hound is almost dead.
You shoot a sling bullet. The sling bullet hits the hound.
The hound is almost dead.
You kill the hound!
You are no longer unable to travel.
Fire: a) +1 sling {Choonhe}
Press: ? - help, Shift-Dir - straight line, f - iguana
Aim: an iguana (65% to hit)
You shoot a sling bullet.
The sling bullet barely misses the iguana.
You shoot a sling bullet.
The sling bullet barely misses the iguana.
Unknown command.
You are no longer unable to travel.
The gnoll closely misses you.
Found a ring mail.
Found a stone staircase leading down.
The iguana attacks as it pursues you! The iguana bites you.
It was a potion of attraction.
You feel attractive to monsters. The iguana barely misses you.
The gnoll hits you from afar with a +0 spear!
The gnoll is attracted toward you. The iguana attacks as it pursues you!
The iguana barely misses you. The iguana attacks as it pursues you!
The iguana bites you!
* * * LOW HITPOINT WARNING * * *
The gnoll is attracted toward you. x2
As you open the door, it creaks loudly!
You hear a howl!
You hear an angry growl.
You hear a shout! x2
The gnoll hits you from afar with a +0 spear.
You die...

#. . #[ ) ..###.# ..
..>.... ...
.......## ...#
........### ....#
........gg####.....#
#.#..#.#§gl@'.....+
# #g######.....#
#§...## ....#
#######..# ...#
......$..## ..#
.#######l.+ .# #§##
# #§# #§#


You could see an iguana and 2 gnolls.

Vanquished Creatures
  A hound (D:6)
  3 adders
  A ribbon worm (D:2)
  4 orcs (D:3)
  2 endoplasms
  A giant cockroach (D:2)
  11 goblins
  5 hobgoblins
  7 jackals
  4 kobolds
  A quokka (D:2)
  5 ball pythons
  4 bats
  6 rats
55 creatures vanquished.

Notes
Turn   | Place    | Note
-------+----------+-------------------------------------------
     0 | D:1      | Bobbunny the Coglin Hexslinger began the quest for the Orb.
     0 | D:1      | Reached XP level 1. HP: 15/15 MP: 2/2
    51 | D:1      | Found Qyish's Antique Armour Boutique.
    92 | D:1      | Reached XP level 2. HP: 21/21 MP: 3/3
   232 | D:1      | Reached XP level 3. HP: 27/27 MP: 4/4
   834 | D:2      | Reached XP level 4. HP: 34/34 MP: 5/5
  1361 | D:3      | Found a glowing silver altar of Zin.
  1586 | D:3      | Reached XP level 5. HP: 41/41 MP: 6/6
  1648 | D:3      | You fall into a shaft and drop 3 floors!
  1652 | D:6      | Noticed a black bear
  1659 | D:6      | Noticed a phantom
  1696 | D:6      | Slain by a gnoll

Illustrated notes

Levels and vault maps discovered:
D:1:      dpeg_arrival_rooms_c, layout_rooms, serial_shops, shop,
          minmay_misc_feat_encased, corexii_corridor_pit, minivault_19,
          minmay_tripent
D:2:      layout_rooms, minmay_pentomino_x2
D:3:      layout_basic, zin_academy, minmay_misc_feat_plants, uniq_natasha,
          uniq_jessica
D:6:      layout_basic, nicolae_wu_jian_glorious_leap, nicolae_wooded_promenade

Skill      XL: |  1  2  3  4 |
---------------+-------------+-----
Ranged Weapons | 2 3 |  3.7
Fighting       | 2 3 |  3.5
Dodging        | |  1.7
Spellcasting   | |  1.0
Hexes          | |  2.6
Fire Magic     | |  0.8

Action                     |  1- 3 |  4- 6 || total
---------------------------+-------+-------++-------
   Fire: Sling             |    80 |   114 ||   194
    Use: Scroll            |       |     6 ||     6
         Potion            |       |     2 ||     2
 Armour: Robe              |    18 |    15 ||    33
  Dodge: Dodged            |    14 |    16 ||    30

Table legend: (Time is in decaauts)
 A = Elapsed time spent in this place.
 B = Non-inter-level travel time spent in this place.
 C = Inter-level travel time spent in this place.
 D = Time resting spent in this place.
 E = Time spent auto-exploring this place.
 F = Levels seen in this place.
 G = Mean time per level.
                   A        B        C        D        E       F      G
               +--------+--------+--------+--------+--------+-----+--------+
         Total |   1725 |   1693 |     32 |    115 |   1270 |   4 |  431.2 |
       Dungeon |   1725 |   1693 |     32 |    115 |   1270 |   4 |  431.2 |
               +--------+--------+--------+--------+--------+-----+--------+

Top non-repeatable levels by time:
     D:1: 607 daAuts
     D:2: 601 daAuts
     D:3: 469 daAuts
     D:6: 47 daAuts
